 Dungeon Crawl Stone Soup version 0.20.1-1-g8b1a95d (webtiles) character file.

34157 Gargoyl the Tortoise (level 13, -3/115 HPs)
             Began as a Minotaur Abyssal Knight on Sept 13, 2017.
             Was an Elder of Lugonu.
             Splashed by an acid blob's acid (14 damage)
             ... on level 5 of the Lair of Beasts.
             The game lasted 00:32:47 (17379 turns).

Gargoyl the Tortoise (Minotaur Abyssal Knight)     Turns: 17379, Time: 00:32:48

Health: -3/115     AC: 14    Str: 30    XL:     13   Next: 40%
Magic:  1/19       EV: 13    Int:  4    God:    Lugonu [****..]
Gold:   850        SH:  4    Dex: 12    Spells: 12/12 levels left

rFire    . . .     SeeInvis .   C - +4 war axe
rCold    . . .     Gourm    .   (no shield)
rNeg     . . .     Faith    .   I - +1 plate armour of Gowu {Str+5}
rPois    +         Spirit   .   L - +2 hat
rElec    .         Reflect  +   r - +2 cloak
rCorr    .         Harm     .   h - +2 pair of gloves
MR       .....                  B - +1 pair of boots "Esuadurgh" {Str+5 Int-5}
Stlth    ..........             y - +4 amulet of reflection
Regen    0.3/turn               s - +3 ring of evasion
MPRegen  0.2/turn               e - ring of poison resistance

@: corroded
A: retaliatory headbutt, horns 2
a: Depart the Abyss, Bend Space, Banish, Corrupt, Renounce Religion


You were on level 5 of the Lair of Beasts.
You worshipped Lugonu.
Lugonu was greatly pleased with you.
You were near starving.

You visited 2 branches of the dungeon, and saw 14 of its levels.
You visited the Abyss 4 times.
You also visited: Sewer and Volcano.

You collected 850 gold pieces.

Inventory:

Hand Weapons
 d - a +3 war axe
 v - a +0 hand axe of flaming
 C - a +4 war axe (weapon)
Missiles
 n - 22 tomahawks (quivered)
Armour
 h - a +2 pair of gloves (worn)
 r - a +2 cloak (worn)
 B - the +1 pair of boots "Esuadurgh" (worn) {Str+5 Int-5}
   (You found it on level 2 of the Lair of Beasts)

   It affects your strength (+5).
   It affects your intelligence (-5).
 I - the +1 plate armour of Gowu (worn) {Str+5}
   (You found it on level 2 of the Lair of Beasts)

   It affects your strength (+5).
 L - a +2 hat (worn)
Jewellery
 e - a ring of poison resistance (right hand)
 s - a +3 ring of evasion (left hand)
 y - a +4 amulet of reflection (around neck)
Wands
 m - a wand of paralysis (16/24)
 u - a wand of acid (8/15)
 G - a wand of digging (24/24)
 O - a wand of iceblast (9/15)
Scrolls
 a - 2 scrolls of blinking
 j - a scroll of silence
 k - 2 scrolls of identify
 l - 11 scrolls of teleportation
 x - 2 scrolls of magic mapping
 D - 5 scrolls of remove curse
 J - a scroll of fog
 M - a scroll of amnesia
Potions
 g - a potion of degeneration {unknown}
 o - 2 potions of agility
 p - 2 potions of flight
 q - 3 potions of curing
 t - 3 potions of invisibility
 w - 4 potions of might
 H - 2 potions of brilliance {unknown}
Books
 A - a book of Debilitation

   Spells                             Type                      Level
   a - Corona                         Hexes                        1
   b - Slow                           Hexes                        2
   c - Inner Flame                    Hexes/Fire                   3
   d - Portal Projectile              Hexes/Translocation          3
   e - Cause Fear                     Hexes                        4
   f - Leda's Liquefaction            Hexes/Earth                  4
 E - a book of Minor Magic

   Spells                             Type                      Level
   a - Magic Dart                     Conjuration                  1
   b - Blink                          Translocation                2
   c - Call Imp                       Summoning                    2
   d - Slow                           Hexes                        2
   e - Conjure Flame                  Conjuration/Fire             3
   f - Mephitic Cloud                 Conjuration/Poison/Air       3
 F - a book of Battle

   Spells                             Type                      Level
   a - Infusion                       Charms                       1
   b - Shroud of Golubria             Charms/Translocation         2
   c - Song of Slaying                Charms                       2
   d - Spectral Weapon                Hexes/Charms                 3
   e - Regeneration                   Charms/Necromancy            3
Miscellaneous
 K - a lightning rod (2/4)
 N - a lightning rod (2/4)
Comestibles
 b - 31 fruits
 c - 3 bread rations
 f - 9 meat rations
 z - 9 royal jellies
 P - 11 chunks of flesh


   Skills:
 + Level 10.9 Fighting
 + Level 14.9 Axes
 + Level 1.5 Throwing
 * Level 15.6 Armour
 + Level 3.7 Dodging
 * Level 10.3 Invocations


You had 12 spell levels left.
You didn't know any spells.

Dungeon Overview and Level Annotations

Branches:
Dungeon (8/15)             Temple (0/1) D:5            Lair (6/6) D:8
 Shoals (0/4) Lair:3       Spider (0/4) Lair:4        Slime (0/5) Lair:5

Altars:
Cheibriados
Elyvilon
Fedhas
Gozag
Makhleb
Nemelex Xobeh
Ru
Uskayaw
The Shining One
Jiyva

Annotations:
Lair:3 Sonja


Innate Abilities, Weirdness & Mutations

You reflexively headbutt those who attack you in melee.
You have a pair of horns on your head.


Message History

The acid blob hits you but does no damage.
Press: ? - help, Shift-Dir - straight line, f/p - acid blob
Aim: an acid blob (heavily wounded, chance to defeat MR: 0%)
The acid blob resists with almost no effort.
You feel somewhat more hungry. The acid blob spits acid at you.
The splash of acid hits you!
* * * LOW HITPOINT WARNING * * *
You are splashed with acid!
The acid burns!
* * * LOW HITPOINT WARNING * * *
Okay, then.
You don't have enough magic at the moment.
Okay, then.
Okay, then.
You feel better.
You are near starving!
The acid blob spits acid at you. The splash of acid hits you!
The acid corrodes you!
You are splashed with acid!
The acid burns!
You die...

.......### #.........#.......P#
.... ...#P...##P.##.......## ....
..#....##PP........## ..##
#........P....#.....# ..#
#..............>....## ..#
##......>_...........# ..
#..........#......... ..
###....>....#......#... ..
.####....J@............##..
...P#..P..#..................###.
...........................#.###.
...PP.#.#.P.........#.......###.#
........###.D......###......##...
....#....PP.......#...#..........
.........P.P.............P.......
..................P.#...........#
...................##...P.P.#.#.#


You could see an acid blob and a six-headed hydra.

Vanquished Creatures
  2 hydras
  2 two-headed ogres (Volcano)
  The ghost of Ejeck the Carver, a novice HOFi (D:7)
  A manticore (Lair:3)
  2 salamanders (Volcano)
  6 black mambas
  16 spiny frogs
  3 rime drakes
  5 komodo dragons
  2 polar bears
  A tyrant leech (Lair:6)
  19 blink frogs
  9 hippogriffs
  8 dream sheep
  3 redbacks (Lair:4)
  2 wyverns
  Sigmund (D:5)
  28 yaks
  A hungry ghost (D:5)
  2 fire bats (Volcano)
  5 vampire mosquitoes (Lair:6)
  7 water moccasins
  2 hell hounds (Volcano)
  12 porcupines
  2 black bears
  2 orc warriors
  An ice beast (D:5)
  A necrophage (D:8)
  3 ogres
  3 centaurs
  10 crocodiles
  4 big kobolds
  Blork the orc (D:5)
  18 bullfrogs
  3 scorpions
  5 killer bees (D:8)
  3 wights (D:8)
  2 electric eels
  3 howler monkeys (D:7)
  2 crimson imps
  A quasit (D:8)
  4 hounds
  3 jellies
  3 orc wizards
  2 centaur skeletons
  A gnoll shaman (D:6)
  2 orc priests (D:8)
  An iguana (D:4)
  6 worker ants
  A hound skeleton (D:8)
  2 worker ant zombies (D:8)
  12 gnolls
  4 river rats (Sewer)
  8 adders
  A shadow imp (D:6)
  2 oozes
  4 worms
  3 dart slugs
  4 leopard geckos
  24 orcs
  8 bats
  A giant cockroach (D:3)
  14 goblins
  12 hobgoblins
  5 jackals
  9 kobolds
  5 quokkas
  4 ball pythons
  4 frilled lizards
  A leopard gecko skeleton (D:5)
  A quokka zombie (D:6)
  15 rats
  2 fungi
  A plant (Lair:1)
373 creatures vanquished.

Vanquished Creatures (others)
  4 oklob plants (Lair:1)
  The ghost of Toogi the Gusty, an amateur TeAE (D:3)
  Robin (D:4)
  7 fungi
  43 plants
56 creatures vanquished.

Grand Total: 429 creatures vanquished

Notes
Turn   | Place    | Note
-------+----------+-------------------------------------------
     0 | Abyss:1  | Gargoyl the Minotaur Abyssal Knight began the quest for the Orb.
     0 | Abyss:1  | Reached XP level 1. HP: 19/19 MP: 1/1
    40 | Abyss:1  | Found a corrupted altar of Lugonu.
    78 | Abyss:1  | Noticed an ice devil
    85 | Abyss:1  | Noticed a starcursed mass
   121 | Abyss:2  | Noticed a chaos spawn
   122 | Abyss:2  | Noticed a flying skull
   125 | D:1      | Escaped the Abyss
   186 | D:1      | Reached * piety under Lugonu
   186 | D:1      | Reached XP level 2. HP: 17/27 MP: 2/2
   562 | D:1      | Found a snail-covered altar of Cheibriados.
   682 | D:1      | Reached skill level 3 in Armour
   725 | D:1      | Reached XP level 3. HP: 30/33 MP: 3/3
  1268 | D:2      | Found an opulent altar of Gozag.
  1362 | D:2      | Reached ** piety under Lugonu
  1362 | D:2      | Reached XP level 4. HP: 40/40 MP: 4/4
  1728 | D:3      | Found a sacrificial altar of Ru.
  1912 | D:3      | Noticed Toogi's ghost (amateur TeAE)
  1925 | D:3      | Killed Toogi's ghost
  1925 | D:3      | Reached skill level 4 in Armour
  1925 | D:3      | Reached XP level 5. HP: 25/47 MP: 4/6
  2262 | D:3      | Found a glowing drain.
  2274 | Sewer    | Entered a sewer
  2283 | Sewer    | Reached XP level 6. HP: 47/53 MP: 5/7
  2374 | Sewer    | Reached skill level 5 in Axes
  2397 | Sewer    | Found a white marble altar of Elyvilon.
  2479 | D:3      | Reached *** piety under Lugonu
  2566 | D:3      | Reached skill level 5 in Armour
  3215 | D:4      | Noticed Robin
  3226 | D:4      | Killed Robin
  3387 | D:4      | Reached XP level 7. HP: 46/60 MP: 6/8
  4228 | D:5      | Entered Level 5 of the Dungeon
  4236 | D:5      | Noticed a hungry ghost
  4264 | D:5      | Killed a hungry ghost
  4264 | D:5      | Reached skill level 5 in Fighting
  4269 | D:5      | Noticed Blork the orc
  4278 | D:5      | Killed Blork the orc
  4278 | D:5      | Reached skill level 6 in Armour
  4530 | D:5      | Noticed Sigmund
  4573 | D:5      | Cast into level 1 of the Abyss (Sigmund)
  4635 | D:5      | Escaped the Abyss
  4675 | D:5      | Found a blossoming altar of Fedhas.
  4687 | D:5      | Reached skill level 7 in Armour
  4687 | D:5      | Reached XP level 8. HP: 27/68 MP: 3/10
  5255 | D:5      | Killed Sigmund
  5531 | D:5      | Found a staircase to the Ecumenical Temple.
  5563 | D:5      | Found a sacrificial altar of Ru.
  5613 | D:5      | Found a hide-covered altar of Uskayaw.
  5613 | D:5      | Found a white marble altar of Elyvilon.
  5631 | D:5      | Found a sparkling altar of Nemelex Xobeh.
  5633 | D:5      | Found a faded altar of an unknown god.
  5635 | D:5      | Found a faded altar of an unknown god.
  5770 | D:6      | Found a glowing golden altar of the Shining One.
  5818 | D:6      | Reached skill level 8 in Armour
  6227 | D:6      | Reached skill level 5 in Invocations
  6886 | D:7      | Reached XP level 9. HP: 71/75 MP: 10/12
  6900 | D:7      | Noticed Ejeck's ghost (novice HOFi)
  6910 | D:7      | Reached skill level 9 in Armour
  6944 | D:7      | Killed Ejeck's ghost
  7492 | D:8      | Reached **** piety under Lugonu
  7603 | D:8      | Reached skill level 10 in Armour
  7605 | D:8      | Found a staircase to the Lair.
  7664 | D:8      | Reached XP level 10. HP: 12/84 MP: 4/13
  7985 | D:8      | Noticed a two-headed hydra
  7995 | D:8      | Killed a one-headed hydra
  7995 | D:8      | Reached skill level 10 in Axes
  7995 | D:8      | Reached skill level 11 in Armour
  8687 | D:8      | Found a burning altar of Makhleb.
  8708 | D:8      | Reached skill level 12 in Armour
  8742 | D:8      | Reached ***** piety under Lugonu
  9262 | Lair:1   | Entered Level 1 of the Lair of Beasts
  9333 | Lair:1   | Reached XP level 11. HP: 62/93 MP: 11/15
 10095 | Lair:1   | Noticed an oklob plant
 10095 | Lair:1   | Noticed an oklob plant
 10096 | Lair:1   | Noticed an oklob plant
 10096 | Lair:1   | Noticed an oklob plant
 10195 | Lair:1   | Banished an oklob plant
 10196 | Lair:1   | Banished an oklob plant
 10270 | Lair:1   | Banished an oklob plant
 10605 | Lair:1   | Banished an oklob plant
 11490 | Lair:2   | Reached skill level 13 in Armour
 12116 | Lair:2   | Got a pair of warped boots
 12127 | Lair:2   | Identified the +1 pair of boots "Esuadurgh" {Str+5 Int-5} (You found it on level 2 of the Lair of Beasts)
 12192 | Lair:2   | Got a fine plate armour
 12203 | Lair:2   | Identified the +1 plate armour of Gowu {Str+5} (You found it on level 2 of the Lair of Beasts)
 12480 | Lair:2   | Reached skill level 1 in Throwing
 12940 | Lair:3   | Found a staircase to the Shoals.
 13022 | Lair:3   | Noticed Sonja
 13293 | Lair:3   | Cast into level 2 of the Abyss (Sonja)
 13306 | Abyss:2  | Noticed a bone dragon
 13320 | Lair:3   | Escaped the Abyss
 13782 | Lair:3   | Cast into level 1 of the Abyss (Sonja)
 13827 | Abyss:1  | Noticed a starcursed mass
 13829 | Lair:3   | Escaped the Abyss
 14054 | Lair:4   | Reached XP level 12. HP: 78/103 MP: 17/17
 14455 | Lair:4   | Reached skill level 14 in Armour
 14462 | Lair:4   | Found a hole to the Spider Nest.
 15226 | Lair:5   | Noticed a six-headed hydra
 15236 | Lair:5   | Killed a two-headed hydra
 15451 | Lair:5   | Found a viscous altar of Jiyva.
 15451 | Lair:5   | Found a staircase to the Slime Pits.
 15544 | Lair:5   | Noticed a six-headed hydra
 15546 | Lair:5   | Noticed an acid blob
 15567 | Lair:6   | Entered Level 6 of the Lair of Beasts
 15874 | Lair:6   | Found a dark tunnel.
 15883 | Volcano  | Entered a volcano
 16029 | Volcano  | Noticed a two-headed ogre
 16035 | Volcano  | Killed a two-headed ogre
 16035 | Volcano  | Reached skill level 10 in Fighting
 16035 | Volcano  | Reached skill level 15 in Armour
 16131 | Volcano  | Noticed a two-headed ogre
 16140 | Volcano  | Killed a two-headed ogre
 16611 | Lair:6   | Reached XP level 13. HP: 105/113 MP: 19/19
 16823 | Lair:6   | Reached skill level 10 in Invocations
 17378 | Lair:5   | HP: 4/115 [acid (12)]
 17379 | Lair:5   | Splashed by an acid blob's acid

Skill      XL: |  1  2  3  4  5  6  7  8  9 10 11 12 13 |
---------------+----------------------------------------+-----
Invocations    | 2 3 4 5 6 7 9 10 | 10.3
Fighting       | 4 5 6 7 8 10 | 10.9
Armour         | 3 4 5 7 8 10 12 13 15 | 15.6
Axes           | 3 4 5 6 7 9 11 12 14 | 14.9
Dodging        | 2 3 |  3.7
Throwing       | 1 |  1.5

Action                   |  1- 3 |  4- 6 |  7- 9 | 10-12 | 13-15 || total
-------------------------+-------+-------+-------+-------+-------++-------
Melee: Hand axe          |   101 |   184 |   157 |    21 |       ||   463
       Headbutt          |     9 |    28 |    54 |   113 |    28 ||   232
       War axe           |       |       |   164 |   509 |   136 ||   809
Throw: Tomahawk          |       |       |     2 |     9 |     3 ||    14
Invok: Depart the Abyss  |     1 |       |     1 |     2 |       ||     4
       Banish            |       |       |       |     7 |     5 ||    12
       Bend Space        |       |       |       |     1 |       ||     1
Evoke: Lightning rod     |       |       |       |       |     2 ||     2
  Use: Potion            |     4 |       |     6 |       |     5 ||    15
       Scroll            |     1 |     2 |    12 |    13 |     1 ||    29
 Stab: Paralysed         |       |     1 |       |       |       ||     1
  Eat: Chunk             |     1 |     7 |    11 |    21 |     3 ||    43
       Bread ration      |       |       |     3 |     2 |       ||     5
Armor: Leather armour    |    27 |       |       |       |       ||    27
       Plate armour      |    50 |   158 |   239 |   384 |    74 ||   905
Dodge: Dodged            |    52 |    64 |   114 |   340 |    74 ||   644
Block: Other             |       |       |    24 |    96 |    17 ||   137
       Reflection        |       |       |       |     4 |       ||     4
